 Dungeon Crawl Stone Soup version 0.26.0-45-g9c1d065592 (webtiles) character file.

Game seed: 8889056281159297510

14 swilekon the Skirmisher (level 2, 0/21 HPs)
             Began as an Octopode Monk on Jan 30, 2021.
             Succumbed to an adder's poison
             ... on level 2 of the Dungeon.
             The game lasted 00:02:36 (912 turns).

swilekon the Skirmisher (Octopode Monk)              Turns: 912, Time: 00:02:37

Health: 0/21       AC:  1    Str:  7 (10) XL:     2   Next: 41%
Magic:  2/2        EV: 14    Int: 11 (12) God:
Gold:   42         SH:  0    Dex: 11 (14) Spells: 1/1 levels left

rFire    + . .     SeeInvis .   a - +0 spear
rCold    . . .     Faith    .   (no shield)
rNeg     . . .     Spirit   .   (helmet restricted)
rPois    .         Reflect  .   (no amulet)
rElec    .         Harm     .   g - ring of protection from fire
rCorr    .         Rampage  .   (no ring)
Will     .....                  (no ring)
Stlth    +++.......             (no ring)
HPRegen  0.07/turn              (no ring)
MPRegen  0.08/turn              (no ring)
                                (no ring)
                                (no ring)

@: lethally poisoned (0 -> -4), about to teleport, attractive, very slightly
contaminated, invisible
A: almost no armour, stealthy swim, amphibious, 8 rings, constrict 8, camouflage
1, gelatinous body 1
a: no special abilities


You were on level 2 of the Dungeon.
You visited 1 branch of the dungeon, and saw 2 of its levels.

You collected 42 gold pieces.

Inventory:

Hand Weapons
 a - a +0 spear (weapon)
Jewellery
 g - a ring of protection from fire (left tentacle)
Scrolls
 c - 2 scrolls of identify {unknown}
 d - a scroll of random uselessness {unknown}


   Skills:
 + Level 3.2 Fighting
 + Level 3.1 Polearms
 + Level 3.2 Dodging
 + Level 3.1 Stealth


You had one spell level left.
You didn't know any spells.
Your spell library was empty.

Dungeon Overview and Level Annotations

Branches:
Dungeon (2/15)

Altars:


Innate Abilities, Weirdness & Mutations

You cannot wear most types of armour.
You are very stealthy in the water. (Stealth+)
You are amphibious.
You can wear up to eight rings at the same time.
You can use your tentacles to constrict eight enemies at once.
Your skin changes colour to match your surroundings (Stealth+).
Your rubbery body absorbs attacks. (AC +1, EV +1)


Message History

You have reached level 2!
It was a potion of attraction.
You feel attractive to monsters.
It was a potion of degeneration.
There was something very wrong with that liquid.
You feel weakened.
You feel dopey.
You feel clumsy.
It was a potion of invisibility.
You fade into invisibility!
* * * LOW HITPOINT WARNING * * *
You feel sick.
You are very lightly contaminated with residual magic.
There is a lethal amount of poison in your body!
You see here an adder corpse.
* * * LOW HITPOINT WARNING * * *
You feel sick.
You see here a scroll labelled PYICRI WUEM.
c - 2 scrolls labelled PYICRI WUEM (gained 1)
As you read the scroll labelled FUACYI HIPUNE, it crumbles to dust.
You feel strangely unstable.
It was a scroll of teleportation.
You die...

.......#..#
.......#..# #
#.....#..####.. #.
#.#....<.......
#..#.#...#†.......
..................
#..#..............
..................
.......@....####..
............... .
............###
.........>.....
#..#..#........
#..##.#.#..##.. #.
#.#.#... ..
#........


There were no monsters in sight!

Vanquished Creatures
  An adder (D:2)
  A goblin (D:1)
  2 bats (D:1)
  A frilled lizard (D:1)
  A kobold (D:1)
  A rat (D:1)
7 creatures vanquished.

Notes
Turn   | Place    | Note
-------+----------+-------------------------------------------
     0 | D:1      | swilekon the Octopode Monk began the quest for the Orb.
     0 | D:1      | Reached XP level 1. HP: 16/16 MP: 1/1
   903 | D:2      | Reached XP level 2. HP: 2/21 MP: 2/2
   905 | D:2      | HP: 1/21 [poisoned by an adder]
   912 | D:2      | Succumbed to an adder's poison

Illustrated notes

Levels and vault maps discovered:
D:1:      minmay_arrival_hallway, layout_loops_corners, serial_co_window_serial,
          co_window_of_opportunity_a, co_window_paths_a,
          co_window_of_opportunity_a, co_window_corner_a,
          co_window_of_opportunity_a, co_window_broadway_a, co_window_corner_b,
          co_window_of_opportunity_b, co_window_2corner, co_window_corner_b,
          glass_columns_b, glass_columns_c, glass_columns_a,
          kennysheep_another_room
D:2:      layout_basic, zin_treasury, st_stairs_10

Skill      XL: |  1 |
---------------+----+-----
Stealth        | 3 |  3.1
Fighting       | |  3.2
Polearms       | |  3.1
Dodging        | |  3.2

Action                   || total
-------------------------++-------
Melee: Spear             ||    21
       Constrict         ||     3
       Tentacles         ||     2
  Use: Potion            ||     3
       Scroll            ||     1
 Stab: Sleeping          ||     5
Armor: Skin              ||     4
Dodge: Dodged            ||     8
